 Dungeon Crawl Stone Soup version 0.25.1-11-g244df3a29b (webtiles) character file.

Game seed: 11299378068627771644

17 Fluidstar381 the Grave Robber (level 2, 0/19 HPs)
             Began as a Human Necromancer on Feb 27, 2023.
             Slain by a quokka (4 damage)
             ... on level 2 of the Dungeon.
             The game lasted 00:16:33 (1578 turns).

Fluidstar381 the Grave Robber (Human Necromancer)   Turns: 1578, Time: 00:16:33

Health: 0/19       AC:  2    Str:  5 (8)  XL:     2   Next: 80%
Magic:  5/5        EV: 12    Int: 13 (15) God:
Gold:   16         SH:  0    Dex: 12 (13) Spells: 4/5 levels left

rFire    . . .     SeeInvis .   d - +3 hand axe
rCold    . . .     Gourm    .   (no shield)
rNeg     . . .     Faith    .   a - +0 robe
rPois    .         Spirit   .   (no helmet)
rElec    .         Reflect  .   (no cloak)
rCorr    .         Harm     .   (no gloves)
MR       ++...     Clarity  +   (no boots)
Stlth    ++........             (no amulet)
HPRegen  0.06/turn              (no ring)
MPRegen  0.09/turn              (no ring)

@: no status effects
A: clarity, deterioration 1, magic resistance 2
a: no special abilities


You were on level 2 of the Dungeon.
You were completely stuffed.

You visited 1 branch of the dungeon, and saw 2 of its levels.

You collected 16 gold pieces.

Inventory:

Hand Weapons
 b - a +0 dagger
 d - a +3 hand axe (weapon)
 e - a +0 club
 f - a +0 club
 g - a +0 hunting sling
 h - a +0 club
 p - a +0 club
Missiles
 i - 29 sling bullets (quivered)
 k - 18 arrows
Armour
 a - a +0 robe (worn)
 m - a cursed -1 tower shield
 n - a +0 ring mail
Scrolls
 j - a scroll of identify {unknown}
Comestibles
 c - 4 rations


   Skills:
 * Level 0.5 Axes
 * Level 0.1(0.3) Maces & Flails
 + Level 2.1 Dodging
 * Level 2.0 Stealth
 * Level 0.2 Shields
 * Level 0.1 Unarmed Combat
 + Level 2.0 Spellcasting
 + Level 4.4 Necromancy


You had 4 spell levels left.
You knew the following spells:

 Your Spells              Type           Power        Failure   Level  Hunger
a - Pain                  Necr           ##..         4%          1    ##.....

Your spell library contained the following spells:

 Spells                   Type           Power        Failure   Level  Hunger
 Animate Skeleton         Necr           N/A          4%          1    ##.....
 Vampiric Draining        Necr           ##........   12%         3    ####...
 Animate Dead             Necr           N/A          38%         4    #####..
 Agony                    Necr           ##......     75%         5    ######.


Dungeon Overview and Level Annotations

Branches:
Dungeon (2/15)

Altars:


Innate Abilities, Weirdness & Mutations

You possess an exceptional clarity of mind.
Your body sometimes deteriorates upon taking damage.
You are highly resistant to hostile enchantments. (MR++)


Message History

The worm barely misses you.
You see here a kobold corpse.
You're too full to eat anything.
You're too full to eat anything.
The worm misses you.
You barely miss the worm.
The worm is moderately wounded.
You see here a kobold corpse.
You see here a stone.
You see here a ration.
c - 4 rations (gained 1)
A quokka comes into view.
Found 7 gold pieces.
Found 12 gold pieces.
Found 11 gold pieces.
You see here 12 gold pieces.
Found a metallic sapphire potion and 22 sling bullets.
You see here 11 gold pieces.
The quokka bites you.
You die...

#..# #..#
#..# #..#
#$.######
#........
#.#######
#r########
#.@!..(...
##########


You could see a quokka.

Vanquished Creatures
  An orc (D:2)
  2 goblins (D:1)
  3 hobgoblins (D:1)
  A kobold (D:2)
  2 bats (D:1)
  A frilled lizard (D:1)
  7 rats (D:1)
17 creatures vanquished.

Notes
Turn   | Place    | Note
-------+----------+-------------------------------------------
     0 | D:1      | Fluidstar381 the Human Necromancer began the quest for the
                  | Orb.
     0 | D:1      | Reached XP level 1. HP: 13/13 MP: 3/3
   438 | D:1      | Reached XP level 2. HP: 18/19 MP: 5/5
  1526 | D:2      | Gained mutation: You are resistant to hostile enchantments.
                  | (MR+) [potion of mutation]
  1526 | D:2      | Gained mutation: You are highly resistant to hostile
                  | enchantments. (MR++) [potion of mutation]
  1526 | D:2      | Gained mutation: Your body sometimes deteriorates upon
                  | taking damage. [potion of mutation]
  1526 | D:2      | Gained mutation: You possess an exceptional clarity of
                  | mind. [potion of mutation]
  1578 | D:2      | Slain by a quokka

Illustrated notes

Levels and vault maps discovered:
D:1:      dpeg_arrival_ratfight, layout_loops_corners
D:2:      layout_loops_ring, first_ration, kennysheep_generic_room_12,
          uniq_natasha, uniq_terence

Action                   || total
-------------------------++-------
Melee: Hand axe          ||    47
       Dagger            ||     5
  Use: Scroll            ||     2
       Potion            ||     2
  Eat: Ration            ||     3
Armor: Robe              ||    10
Dodge: Dodged            ||    40
